 Dungeon Crawl Stone Soup version 0.31-a0-848-gaac375c287 (webtiles) character file.

Game seed: 188449599327853684

9471 demibob the Brawler (level 11, -1/103 HPs)
             Began as a Troll Chaos Knight on Oct 5, 2023.
             Was a Plaything of Xom.
             Slain by an azure jelly (21 damage)
             ... led by a torpor snail
             ... on level 1 of the Lair of Beasts.
             The game lasted 00:17:42 (7652 turns).

demibob the Brawler (Troll Chaos Knight)            Turns: 7652, Time: 00:17:43

Health: -1/103     AC:  7    Str: 21    XL:     11   Next: 23%
Magic:  10/10      EV: 10    Int: 12    God:    Xom [.*....]
Gold:   683        SH:  0    Dex: 16    Spells: 10/10 levels left

rFire   . .          .
                       - Unarmed
rCold   + . .        (no shield)
rNeg    + . .        q - +2 robe "Buam" {Drain Slay+2 Stlth+}
rPois   .            (helmet restricted)
rElec   .            m - +0 cloak
rCorr   .            (gloves unavailable)
SInv    .            (boots unavailable)
Will    .....        (no amulet)
Stlth   ++           N - ring of positive energy
HPRegen 1.17/turn    D - +6 ring of dexterity
MPRegen 0.12/turn

%: no passive effects
@: radiating poison
A: large, unfitting armour, claws 3, regeneration 1, shaggy fur 1, tough skin 1,
clever 1, clumsy 1, cold resistance 1, mutation resistance 1, passive freeze,
robust 1
a: Renounce Religion


You were on level 1 of the Lair of Beasts.
You worshipped Xom.
You were a plaything of Xom.
You visited 3 branches of the dungeon, and saw 12 of its levels.
You also visited: Bailey.

You collected 683 gold pieces.


Innate Abilities, Weirdness & Mutations

You are too large for most types of armour.
You have claws for hands.
Your natural rate of healing is unusually fast.
You are covered in fur. (AC +1)
You have tough skin. (AC +1)
Your mind is acute. (Int +4, Str/Dex -1)
You are clumsy. (Dex -2)
Your flesh is cold resistant. (rC+)
You are somewhat resistant to further mutation.
A frigid envelope surrounds you and freezes all who hurt you.
You are robust. (+10% HP)


   Skills:
 - Level 2.4 Fighting
 - Level 1.9 Dodging
 + Level 17.4 Unarmed Combat


You had 10 spell levels left.
You didn't know any spells.
Your spell library contained the following spells:

 Spells                   Type           Power      Damage    Failure   Level
 Blink                    Tloc           0%         N/A       45%         2
 Lesser Beckoning         Tloc           0%         N/A       45%         2
 Momentum Strike          Conj/Tloc      0%         3d8       45%         2
 Call Canine Familiar     Summ           0%         N/A       69%         3
 Dazzling Flash           Conj/Hex       0%         N/A       69%         3
 Sigil of Binding         Hex            0%         N/A       69%         3
 Dimensional Bullseye     Hex/Tloc       0%         N/A       97%         4
 Leda's Liquefaction      Hex/Erth       0%         N/A       97%         4
 Agony                    Necr           0%         N/A       100%        5
 Silence                  Hex/Air        0%         N/A       100%        5

Inventory:

Armour
 m - a +0 cloak (worn)
 q - the +2 robe "Buam" (worn) {Drain Slay+2 Stlth+}
   (You acquired it on level 6 of the Dungeon)

   Slay+2:    It affects your accuracy & damage with ranged weapons and melee
   (+2).
   Drain:     It drains your maximum health when unequipped.
   Stlth+:    It makes you more stealthy.
Jewellery
 D - a +6 ring of dexterity (right claw)
 N - a ring of positive energy (left claw)
Wands
 n - a wand of mindburst (12)
 o - a wand of iceblast (14)
 r - a wand of flame (56)
 w - a wand of light (13)
 z - a wand of charming (6)
Scrolls
 d - 3 scrolls of amnesia
 i - a scroll of vulnerability
 u - a scroll of enchant weapon
 y - 3 scrolls of teleportation {@r2}
Potions
 a - a potion of invisibility {unknown}
 b - a potion of lignification {unknown}
 c - 5 potions of heal wounds {@q2}
 e - a potion of attraction
 f - 2 potions of resistance
 g - 7 potions of haste {@q3}
 h - 4 potions of mutation
 j - 2 potions of enlightenment
 k - 4 potions of curing {@q1}
 p - 4 potions of brilliance
 s - 4 potions of magic
 t - a potion of cancellation
 v - a potion of ambrosia {unknown}
 x - a potion of berserk rage {!q}

Dungeon Overview and Level Annotations

Branches:
Dungeon (10/15)            Temple (1/1) D:6            Lair (1/5) D:10
    Orc (0/2) D:10         Bailey (visited)

Altars:
Ashenzari
Cheibriados
Dithmenos
Elyvilon
Fedhas
Gozag
Hepliaklqana
Kikubaaqudgha
Makhleb
Nemelex Xobeh
Okawaru
Qazlal
Ru
Sif Muna
Trog
Uskayaw
Vehumet
Wu Jian
Xom
Yredelemnul
Zin
The Shining One

Annotations:
Lair:1 exclusion: oklob plant

#..............#
#..............#
#...##.#+.#....# ##
##...#.....#....######.
#....#.....#...........
##...#.....#...........
#...+........)#.......
##...J....†#.####..###.
#....#@..†.#†# #.## #.
##...#.....#.# #.# #.
#....#.......# P.# #.
##...#.....#.# ##.+ ##
##...........# #.#
#......#.#...## #.#
##................#
#................#
#................


You could see an azure jelly.


Message History

A water moccasin comes into view.
The azure jelly hits you. The azure jelly freezes you! You resist.
* * * LOW HITPOINT WARNING * * *
The azure jelly completely resists.
The azure jelly hits you.
* * * LOW HITPOINT WARNING * * *
The azure jelly freezes you! You resist.
* * * LOW HITPOINT WARNING * * *
The azure jelly resists.
The azure jelly is very cold.
The azure jelly is heavily wounded.
The azure jelly hits you.
* * * LOW HITPOINT WARNING * * *
The azure jelly resists.
The azure jelly is very cold.
The azure jelly is heavily wounded.
The azure jelly hits you but does no damage.
The azure jelly resists.
The azure jelly is very cold.
The azure jelly is heavily wounded.
Okay, then.
Okay, then.
Enter note: death You feel much better.
The azure jelly hits you.
* * * LOW HITPOINT WARNING * * *
The azure jelly freezes you! You resist.
* * * LOW HITPOINT WARNING * * *
The azure jelly resists.
The azure jelly is very cold.
The azure jelly is heavily wounded.
The azure jelly hits you.
* * * LOW HITPOINT WARNING * * *
The azure jelly freezes you!! You resist.
You die...
Xom thinks this is hilarious!

Skill      XL: |  1  2  3  4  5  6  7  8  9 10 11 |
---------------+----------------------------------+-----
Unarmed Combat | 4 5 6 8 10 12 14 16 17 | 17.4
Fighting       | |  2.4
Dodging        | |  1.9

Action                     |  1- 3 |  4- 6 |  7- 9 | 10-12 || total
---------------------------+-------+-------+-------+-------++-------
  Melee: Unarmed           |   114 |    94 |   243 |   206 ||   657
         Punch             |     4 |     3 |     6 |    20 ||    33
    Use: Scroll            |     7 |     2 |     4 |    10 ||    23
         Potion            |       |       |     4 |     4 ||     8
   Stab: Sleeping          |     1 |     1 |     7 |     3 ||    12
         Distracted        |       |       |     1 |       ||     1
         Petrified         |       |       |       |     3 ||     3
 Armour: Robe              |    62 |    72 |   154 |   170 ||   458
  Dodge: Dodged            |    46 |    39 |   102 |   104 ||   291

Levels and vault maps discovered:
D:1:      shiori_arrival_oz, layout_basic, chequers_serial_rivers_room_a,
          chequers_serial_rivers_large_a, minmay_cupped
D:2:      layout_rooms, roderic_lattice_a
D:3:      layout_rooms, nicolae_overflow_ecumenical_swirl,
          basic_ecumenical_altar, dreamdust_mushroom_princess
D:4:      layout_cave_pools, nicolae_ru_awakened_eye,
          mainiacjoe_overflow_concentric_impassable, grunt_decor_resistance,
          palyth_stone_intersect, uniq_robin, uniq_crazy_yiuf_cottage,
          uniq_natasha
D:5:      layout_loops_corners, makhleb_grotto_becter,
          lemuel_mausoleum_altar_kikubaaqudgha, minmay_misc_feat_columns
D:6:      layout_loops_cross, minmay_temple_entry_mini_moons, uniq_menkaure,
          uniq_edmund
D:7:      minmay_flawed_box, layout_cave_pools, elyvilon_altar_5,
          enter_bailey_8, dreamdust_gnoll_farm
D:8:      layout_loops_ring, grunt_ashenzari_visionary
          [grunt_ashenzari_visionary_shoals, grunt_ashenzari_visionary_spider],
          uniq_maggie
D:9:      layout_roguey, nemelex_altar_shiori, fedhas_altar_1
D:10:     layout_long_grid, grunt_temple_overflow_cloverleaf, dpeg_oklobed_lair,
          erik_orc_1
Temple:   nicolae_temple_figure_zero
Lair:1:   layout_chaotic_city, chequers_serial_rivers_room_a,
          hangedman_tree_tricks

Notes
Turn   | Place    | Note
-------+----------+-------------------------------------------
     0 | D:1      | demibob the Troll Chaos Knight began the quest for the Orb.
     0 | D:1      | Reached XP level 1. HP: 22/22 MP: 0/0
    49 | D:1      | XOM: silly message
    59 | D:1      | Reached XP level 2. HP: 29/29 MP: 1/1
   415 | D:1      | Reached skill level 4 in Unarmed Combat
   724 | D:2      | Reached XP level 3. HP: 36/36 MP: 2/2
  1149 | D:2      | XOM is BORED!
  1168 | D:2      | XOM: give mutations
  1168 | D:2      | Gained mutation: Armour fits poorly on your strangely
                  | shaped body. [Xom's mischief]
  1168 | D:2      | Gained mutation: You are clumsy. (Dex -2) [Xom's mischief]
  1168 | D:2      | Gained mutation: Your flesh is cold resistant. (rC+) [Xom's
                  | mischief]
  1415 | D:3      | Found a faded altar of an unknown god.
  1428 | D:3      | Reached skill level 5 in Unarmed Combat
  1428 | D:3      | Reached XP level 4. HP: 41/44 MP: 3/3
  1464 | D:3      | Found a faded altar of an unknown god.
  1734 | D:3      | Found a basalt altar of Yredelemnul.
  1833 | D:4      | Found a stormy altar of Qazlal.
  1835 | D:4      | XOM: summons 4 friendly demons
  1865 | D:4      | Noticed a black bear
  1865 | D:4      | XOM: 1-stop teleportation journey
  1888 | D:4      | Killed a black bear
  1889 | D:4      | Reached skill level 6 in Unarmed Combat
  1889 | D:4      | Reached XP level 5. HP: 9/50 MP: 4/4
  1958 | D:4      | Reached XP level 6. HP: 56/59 MP: 5/5
  1983 | D:4      | Reached skill level 7 in Unarmed Combat
  2013 | D:4      | Noticed Robin
  2018 | D:4      | Noticed Natasha
  2018 | D:4      | XOM: 1-stop teleportation journey
  2026 | D:4      | Killed Natasha
  2054 | D:4      | Found a sacrificial altar of Ru.
  2119 | D:4      | Noticed Natasha
  2157 | D:4      | Killed Robin
  2290 | D:4      | Found a runed translucent door.
  2291 | D:4      | Noticed Crazy Yiuf
  2316 | D:4      | XOM: enchant monster (bad)
  2323 | D:4      | Killed Natasha
  2361 | D:4      | Noticed Natasha
  2369 | D:4      | Killed Natasha
  2436 | D:4      | Killed Crazy Yiuf
  2437 | D:4      | Reached skill level 8 in Unarmed Combat
  2477 | D:5      | Entered Level 5 of the Dungeon
  2483 | D:5      | Reached XP level 7. HP: 61/66 MP: 6/6
  2726 | D:5      | Reached skill level 9 in Unarmed Combat
  2737 | D:5      | Found an ancient bone altar of Kikubaaqudgha.
  2756 | D:5      | XOM: god gift: 34 gold pieces
  2827 | D:5      | Reached skill level 10 in Unarmed Combat
  2827 | D:5      | Reached XP level 8. HP: 74/74 MP: 7/7
  2935 | D:5      | XOM: stat loss: -1 Dex (8/9)
  3111 | D:5      | XOM: silly message
  3171 | D:5      | Identified the +1 ring mail "Oruo" {rC- rN+ Int+3 SInv}
  3387 | D:5      | Found a burning altar of Makhleb.
  3572 | D:6      | Noticed Menkaure
  3578 | D:6      | Killed Menkaure
  3579 | D:6      | Reached skill level 11 in Unarmed Combat
  3636 | D:6      | Noticed Edmund
  3643 | D:6      | Killed Edmund
  3666 | D:6      | XOM: give mutations
  3666 | D:6      | Gained mutation: You are somewhat resistant to further
                  | mutation. [Xom's grace]
  3666 | D:6      | Gained mutation: Your mind is acute. (Int +4, Str/Dex -1)
                  | [Xom's grace]
  3669 | D:6      | Found a staircase to the Ecumenical Temple.
  3694 | D:6      | XOM: summons 3 hostile shadow creatures
  3747 | D:6      | XOM: summons 4 friendly demons
  3902 | D:6      | Reached skill level 12 in Unarmed Combat
  4096 | D:6      | Reached XP level 9. HP: 80/80 MP: 8/8
  4180 | Temple   | Entered the Ecumenical Temple
  4183 | D:6      | Identified a scroll of acquirement
  4183 | D:6      | Acquired the +2 robe "Buam" {Drain Slay+2 Stlth+}
  4286 | D:7      | XOM: give mutation
  4286 | D:7      | Gained mutation: You are robust. (+10% HP) [Xom's grace]
  4386 | D:7      | Reached skill level 13 in Unarmed Combat
  4386 | D:7      | Paralysed by a hornet for 2 turns
  4394 | D:7      | Found a white marble altar of Elyvilon.
  4494 | D:7      | XOM: summons friendly quasit
  4609 | D:7      | Found a flagged portal.
  4618 | Bailey   | Entered a bailey
  4788 | Bailey   | Noticed an orc knight
  4797 | Bailey   | Killed an orc knight
  4798 | Bailey   | Reached skill level 14 in Unarmed Combat
  4961 | D:7      | XOM: smoke on damage
  5200 | D:8      | XOM: scenery: summon butterflies
  5252 | D:8      | Reached XP level 10. HP: 91/96 MP: 9/9
  5314 | D:8      | Found a broken altar of Ashenzari.
  5319 | D:8      | Saw a vision of the Shoals and the Spider Nest.
  5319 | D:8      | Noticed a steelbarb worm
  5319 | D:8      | Noticed a steelbarb worm
  5319 | D:8      | Noticed a pharaoh ant
  5319 | D:8      | Noticed a moth of wrath
  5319 | D:8      | Noticed a demonic crawler
  5319 | D:8      | Noticed a sea snake
  5319 | D:8      | Noticed a water nymph
  5319 | D:8      | Noticed a sea snake
  5319 | D:8      | Noticed a sea snake
  5320 | D:8      | Noticed an entropy weaver
  5322 | D:8      | Noticed a water nymph
  5323 | D:8      | Noticed an orb spider
  5323 | D:8      | Noticed an emperor scorpion
  5323 | D:8      | Noticed a manticore
  5381 | D:8      | XOM: scenery: summon butterflies
  5384 | D:8      | XOM: summons 2 friendly demons
  5454 | D:8      | XOM: scenery: create altars
  5669 | D:8      | Noticed Maggie
  5677 | D:8      | Killed Maggie
  5678 | D:8      | Reached skill level 15 in Unarmed Combat
  5830 | D:8      | Identified 2 potions of resistance
  5861 | D:9      | Found a blossoming altar of Fedhas.
  6032 | D:9      | Found a sparkling altar of Nemelex Xobeh.
  6141 | D:9      | XOM: summons 6 friendly demons
  6216 | D:9      | XOM: scenery: 1 doors open, 1 doors close
  6485 | D:9      | XOM is BORED!
  6485 | D:9      | XOM: give mutations
  6485 | D:9      | Lost mutation: Armour fits poorly on your strangely shaped
                  | body. [Xom's mischief]
  6485 | D:9      | Gained mutation: A frigid envelope surrounds you and
                  | freezes all who hurt you. [Xom's mischief]
  6513 | D:10     | Entered Level 10 of the Dungeon
  6527 | D:10     | Reached skill level 16 in Unarmed Combat
  6650 | D:10     | XOM: divine lightning
  6679 | D:10     | XOM: cleaving
  6800 | D:10     | Noticed a cyclops
  6800 | D:10     | XOM: 5-stop teleportation journey
  6906 | D:10     | Killed a cyclops
  6907 | D:10     | Reached XP level 11. HP: 83/103 MP: 10/10
  6942 | D:10     | Found a staircase to the Lair.
  7047 | D:10     | Found a shimmering blue altar of Sif Muna.
  7051 | D:10     | Found a bloodstained altar of Trog.
  7054 | D:10     | Found an iron altar of Okawaru.
  7057 | D:10     | Found an opulent altar of Gozag.
  7154 | D:10     | Found a staircase to the Orcish Mines.
  7305 | Lair:1   | Entered Level 1 of the Lair of Beasts
  7305 | Lair:1   | Noticed a death yak
  7312 | Lair:1   | XOM: 1-stop teleportation journey
  7336 | Lair:1   | Found a blossoming altar of Fedhas.
  7339 | Lair:1   | Noticed an oklob plant
  7404 | Lair:1   | Reached skill level 17 in Unarmed Combat
  7414 | Lair:1   | XOM: chaos cloud
  7418 | Lair:1   | XOM: polymorph yak -> jumping spider
  7595 | Lair:1   | XOM: smoke on damage
  7632 | Lair:1   | Noticed a death yak
  7635 | Lair:1   | XOM: cast spell 'Call Canine Familiar'
  7638 | Lair:1   | XOM: noise
  7648 | Lair:1   | a death yak changed into an azure jelly
  7648 | Lair:1   | Noticed an azure jelly
  7648 | Lair:1   | XOM: polymorph death yak -> azure jelly
  7650 | Lair:1   | XOM: cast spell 'Olgreb's Toxic Radiance'
  7652 | Lair:1   | >>death
  7652 | Lair:1   | Slain by an azure jelly

Vanquished Creatures
  An orc knight (Bailey)
  A cyclops (D:10)
  A black mamba (Lair:1)
  Maggie (D:8)
  A kobold demonologist (D:10)
  2 trolls
  A hornet (D:7)
  A jumping spider (Lair:1)
  A wraith (D:10)
  2 wyverns
  6 yaks
  3 steam dragons
  Menkaure (D:6)
  2 vampire mosquitoes (D:9)
  Edmund (D:6)
  4 water moccasins
  2 black bears
  2 ice beasts
  4 orc warriors
  4 ogres
  5 wolves (Lair:1)
  4 centaurs
  3 kobold brigands (D:8)
  2 necrophages (D:5)
  3 bullfrogs
  3 scorpions
  A wight (D:5)
  A wyvern zombie (D:5)
  A water moccasin zombie (D:5)
  9 killer bees
  A howler monkey (D:9)
  A crimson imp (D:5)
  2 hounds
  2 jellies
  Crazy Yiuf (D:4)
  A gnoll bouda (D:10)
  A human zombie (D:5)
  5 orc priests
  A sleepcap (D:5)
  3 iguanas
  Natasha (thrice) (D:4)
  13 orc wizards
  5 mummies (D:5)
  A howler monkey zombie (D:5)
  Robin (D:4)
  16 gnolls
  5 adders
  A white imp (D:5)
  2 ufetubi (D:5)
  3 worms
  A dart slug (D:1)
  35 orcs
  3 ball pythons
  9 bats
  5 endoplasms
  3 giant cockroaches
  12 goblins
  9 hobgoblins
  11 jackals
  25 kobolds
  5 quokkas
  3 frilled lizards
  2 rats (D:2)
264 creatures vanquished.

Vanquished Creatures (collateral kills)
  A hound (D:4)
1 creature vanquished.

Vanquished Creatures (others)
  A swamp drake (D:10)
1 creature vanquished.

Grand Total: 266 creatures vanquished

Table legend: (Time is in decaauts)
 A = Elapsed time spent in this place.
 B = Non-inter-level travel time spent in this place.
 C = Inter-level travel time spent in this place.
 D = Time resting spent in this place.
 E = Time spent auto-exploring this place.
 F = Levels seen in this place.
 G = Mean time per level.
                   A        B        C        D        E       F      G
               +--------+--------+--------+--------+--------+-----+--------+
         Total |   7528 |   7265 |    263 |    192 |   5672 |  13 |  579.1 |
       Dungeon |   6874 |   6611 |    263 |    158 |   5231 |  10 |  687.4 |
        Temple |      1 |      1 |      0 |      0 |      0 |   1 |    1.0 |
          Lair |    337 |    337 |      0 |      0 |    252 |   1 |  337.0 |
        Bailey |    314 |    314 |      0 |     34 |    189 |   1 |  314.0 |
               +--------+--------+--------+--------+--------+-----+--------+

Top non-repeatable levels by time:
     D:5: 1019 daAuts
    D:10: 771 daAuts
     D:4: 705 daAuts
     D:2: 692 daAuts
     D:8: 679 daAuts
     D:6: 678 daAuts
     D:9: 643 daAuts
     D:7: 626 daAuts
     D:1: 613 daAuts
     D:3: 443 daAuts
  Lair:1: 337 daAuts
  Bailey: 314 daAuts
  Temple: 1 daAuts

Table legend:
 A = Non-vault XP
 B = Vault XP
 C = Vault XP percentage of total XP
 D = Non-vault monster count
 E = Vault monster count
 F = Vault count percentage of total count
                 A         B        C        D         E       F
            +---------+---------+-------+---------+---------+-------
      Total |   10503 |    3028 |  22.4 |     182 |      83 |  31.3
            +---------+---------+-------+---------+---------+-------
        D:1 |      29 |       6 |  17.1 |      16 |       3 |  15.8
        D:2 |      48 |       0 |   0.0 |      25 |       0 |   0.0
        D:3 |      35 |       0 |   0.0 |      12 |       0 |   0.0
        D:4 |     486 |     116 |  19.3 |      14 |      15 |  51.7
        D:5 |     578 |     613 |  51.5 |      18 |      13 |  41.9
        D:6 |     717 |     330 |  31.5 |       8 |       2 |  20.0
        D:7 |    1162 |     353 |  23.3 |      12 |      11 |  47.8
        D:8 |    1140 |     385 |  25.2 |      32 |       1 |   3.0
        D:9 |    1788 |       0 |   0.0 |      18 |       0 |   0.0
       D:10 |    2406 |     432 |  15.2 |      15 |      16 |  51.6
     Lair:1 |    2114 |       0 |   0.0 |      12 |       0 |   0.0
     Bailey |       0 |     793 | 100.0 |       0 |      22 | 100.0
            +---------+---------+-------+---------+---------+-------
